 Dungeon Crawl Stone Soup version 0.23-a0-756-g517b432 (webtiles) character file.

100477 Inarius the Ripper (level 15, -17/108 HPs)
             Began as a Felid Berserker on Jan 17, 2019.
             Was the Champion of Trog.
             Demolished by a naga warrior
             ... wielding a +0 flail
              (21 damage)
             ... on level 1 of the Snake Pit on Jan 18, 2019.
             The game lasted 01:25:23 (37692 turns).

Inarius the Ripper (Felid Berserker)               Turns: 37692, Time: 01:25:24

Health: -17/108    AC:  6    Str: 23    XL:     15   Next: 80%
Magic:  0/32       EV: 28    Int:  9    God:    Trog [******]
Gold:   186        SH:  0    Dex: 19    Spells: 14/14 levels left
                                        Lives:  0   Deaths: 4

rFire    . . .     SeeInvis +     - Unarmed
rCold    + + .     Gourm    .   (shield unavailable)
rNeg     . . .     Faith    .   (armour unavailable)
rPois    +         Spirit   +   (helmet unavailable)
rElec    .         Reflect  .   (cloak unavailable)
rCorr    .         Harm     .   (gloves unavailable)
MR       ++...                  (boots unavailable)
Stlth    ..........             D - amulet of guardian spirit
HPRegen  0.28/turn              I - ring of poison resistance
MPRegen  0.23/turn              q - ring of magical power

@: berserking, constricted, very quick
A: very small, no armour, no weapons or thrown items, stealth, claws 1, fangs 3,
thin skeletal structure 1, yellow scales 2, see invisible, carnivore, cold
resistance 1, speed 1, shaggy fur 3, slow metabolism 1, sharp paws
a: Berserk, Trog's Hand, Brothers in Arms, Renounce Religion


You were on level 1 of the Snake Pit.
You worshipped Trog.
Trog was exalted by your worship.
You were not hungry.

You visited 4 branches of the dungeon, and saw 24 of its levels.
You visited 1 bazaar.
You also visited: Gauntlet and Volcano.

You collected 2972 gold pieces.
You spent 2786 gold pieces at shops.

Inventory:

Jewellery
 c - an uncursed ring of protection from cold
 f - an uncursed ring of fire
 k - a +5 ring of slaying
 m - the ring "Vatzeleo" {rCorr rN+}
   (You took it off a minotaur in a Gauntlet)

   [ring of resist corrosion]

   It protects you from negative energy.
 p - an uncursed ring of fire
 q - a ring of magical power (right paw)
 u - an uncursed ring of flight
 z - a +6 ring of strength
 A - an uncursed ring of stealth
 D - an amulet of guardian spirit (around neck)
 E - an uncursed ring of protection from magic
 I - a ring of poison resistance (left paw)
 K - a +4 ring of dexterity
 T - an uncursed ring of positive energy
Wands
 g - a wand of flame (17)
 l - a wand of paralysis (7)
 C - a wand of acid (22)
 G - a wand of clouds (9)
 O - a wand of polymorph (15)
 P - a wand of iceblast (15)
 R - a wand of random effects (37)
 W - a wand of disintegration (12)
Scrolls
 j - 6 scrolls of teleportation
 n - 9 scrolls of remove curse
 s - 2 scrolls of vulnerability
 v - 3 scrolls of fear
 y - 4 scrolls of immolation
 M - 6 scrolls of fog
 Q - 4 scrolls of magic mapping
 U - a scroll of silence {unknown}
 V - a scroll of holy word {unknown}
Potions
 b - 3 potions of lignification
 d - 6 potions of curing
 e - 2 potions of agility
 h - 6 potions of mutation
 o - a potion of resistance
 r - 4 potions of haste
 t - 6 potions of heal wounds
 w - 2 potions of ambrosia
 x - 3 potions of brilliance
 B - 3 potions of cancellation
 F - 3 potions of flight
 J - 3 potions of might
 L - 2 potions of magic
 X - 2 potions of berserk rage
Miscellaneous
 i - 2 phantom mirrors
 H - a lightning rod (4/4)
 N - 2 sacks of spiders
 S - a lamp of fire
Comestibles
 a - 41 rations


   Skills:
 * Level 12.1 Fighting
 + Level 13.5 Dodging
 + Level 17.2 Stealth
 * Level 19.5 Unarmed Combat
 * Level 9.6 Evocations


You had 14 spell levels left.
You didn't know any spells.
Your spell library was empty.

Dungeon Overview and Level Annotations

Branches:
Dungeon (15/15)            Temple (0/1) D:7            Lair (6/6) D:10
  Swamp (0/4) Lair:4        Snake (1/4) Lair:3        Slime (0/5) Lair:6
    Orc (2/2) D:10            Elf (0/3) Orc:2        Vaults (0/5) D:14
 Depths (0/5) D:15

Altars:
Cheibriados
Okawaru
Trog
Xom
Beogh
Jiyva

Shops:
D:8 =   D:10 }   D:11 !   D:12 [   D:13 [   D:14 (   Orc:2 :?*}(   Snake:1 }%

Annotations:
D:13 1 runed door, domsik's ghost, journeyman MiFi
Lair:6 dstrtnsr's ghost, journeyman DDFi


Innate Abilities, Weirdness & Mutations

You cannot wear armour.
You are incapable of wielding weapons or throwing items.
Your paws allow you to move quietly. (Stealth)
You have sharp claws.
You have razor-sharp teeth.
You have supernaturally acute eyesight. (SInv)
You are carnivorous and can eat meat at any time.
You cover ground quickly.
Your thick and shaggy fur keeps you warm. (AC +3, rC+)
You have a slow metabolism.
Your sharp claws are effective at attacking unaware monsters.
You have a somewhat thin skeletal structure. (Dex +2, Stealth)
You are mostly covered in yellow scales. (AC +3)
Your flesh is cold resistant. (rC+)


Message History

You are too berserk!
Unknown command.
Unknown command.
You completely miss the naga warrior. You bite the naga warrior!
The naga warrior is moderately wounded.
The naga closely misses you.
* * * LOW HITPOINT WARNING * * *
The naga constricts you.
Unknown command.
You mangle the naga warrior!!
The naga warrior is severely wounded.
The guardian serpent completely misses you.
Unknown command.
Unknown command.
Unknown command.
You claw the naga warrior!
The naga warrior is severely wounded.
The naga seems to regain its courage. x2; The naga warrior misses you.
The naga warrior hits you with a +0 flail!!
You die...

..........##............,,,,,,,,*
######....##............,,,,,,,,*
#######...##......##...#*,,,,,,,*
.....##...##......##...#*,,,,,,,*
..........##......##...#*,,,,,,,*
..........##......##...#*,,,,,,,*
..........##......##...#*,,,,,,,*
..........##...SNN##...##********
..........##...N@)......#########
..........##....N.N.............#
......######...............|....#
.....##****########.............#
.......,,,,*******##............#
........,,,,,,,,,,*#.....##.....#
........,,,,,,,,,,*#.....##.....#
........,,,,,,,,,,*#.....##.....#
......#************#.....##.....#


You could see 2 naga warriors, a salamander mystic, a guardian serpent and 2
nagas.

Vanquished Creatures
  A sphinx (D:15)
  Gastronok (D:8)
  Kirke (Lair:6)
  A stone giant (Orc:1)
  An ironheart preserver (D:14)
  A minotaur (Gauntlet)
  2 fire dragons
  Josephine (Orc:2)
  A yaktaur captain (D:15)
  A naga warrior (Snake:1)
  Harold (D:8)
  A rakshasa (D:15)
  Erica (D:8)
  10 hydras
  A death knight (D:15)
  4 centaur warriors
  3 catoblepae (Lair:6)
  A satyr (shapeshifter) (D:15)
  A deep troll earth mage (D:15)
  3 two-headed ogres
  5 death yaks (Lair:6)
  3 orc high priests (Orc:2)
  A tengu warrior (D:11)
  A naga sharpshooter (Snake:1)
  A shock serpent (Snake:1)
  3 skeletal warriors (D:15)
  The ghost of soark the Destroyer, a novice DECj of Vehumet (D:8)
  A death drake (Gauntlet)
  2 unseen horrors (D:15)
  A glowing orange brain (D:15)
  A naga ritualist (Snake:1)
  A lindwurm (Volcano)
  Pikel (D:6)
  7 mana vipers (Snake:1)
  6 orc knights
  A spectral wolf spider (Gauntlet)
  6 orc sorcerers
  2 cyclopes
  20 ugly things
  3 deep elf magi
  A salamander (Snake:1)
  Joseph (Lair:1)
  4 manticores
  3 centaur zombies
  A guardian serpent (Snake:1)
  16 black mambas
  A naga mage (Snake:1)
  A molten gargoyle (Volcano)
  Psyche (D:10)
  5 elephants
  3 gargoyles
  A torpor snail (Lair:5)
  7 spiny frogs
  An ice devil (Gauntlet)
  A kobold demonologist (D:11)
  6 komodo dragons
  A polar bear (Lair:5)
  A tengu conjurer (D:14)
  7 trolls
  2 hornets
  A spectral meliai (Gauntlet)
  10 hippogriffs
  12 slime creatures
  9 blink frogs
  3 dream sheep (Lair:5)
  A spriggan (Lair:6)
  3 centaur simulacra (Gauntlet)
  A shadow (D:14)
  67 yaks
  Eustachio (D:6)
  A wyvern (D:12)
  5 fire bats (Volcano)
  A vampire (D:14)
  6 hogs
  5 wraiths
  2 basilisks
  A steam dragon (Volcano)
  A human (D:8)
  8 vampire mosquitoes
  Edmund (D:6)
  6 hungry ghosts
  4 swamp worms (Lair:4)
  8 nagas
  4 wargs
  2 soldier ants
  5 acid dragons
  Duvessa (D:4)
  8 porcupines
  6 water moccasins
  2 hell hounds (Volcano)
  23 orc warriors
  A hornet zombie (D:13)
  A slave (D:6)
  4 ice beasts
  2 black bears
  An eye of draining (D:15)
  4 phantoms
  6 boggarts
  13 ogres
  3 wolves
  15 centaurs
  14 crocodiles
  Blork the orc (D:4)
  9 big kobolds
  15 bullfrogs
  Dowan (D:4)
  A hornet simulacrum (Gauntlet)
  6 scorpions
  6 killer bees (D:8)
  8 wights
  6 electric eels (D:10)
  5 crimson imps
  2 bullfrog zombies
  3 lava snakes (Volcano)
  14 orc priests
  18 orc wizards
  4 centaur skeletons
  5 bullfrog skeletons
  9 hounds
  A jelly (D:13)
  3 iguanas
  Natasha (thrice) (D:3)
  14 worker ants
  A hound skeleton (D:6)
  A worker ant zombie (D:9)
  Robin (D:4)
  6 gnolls
  25 adders
  A howler monkey skeleton (D:9)
  A shadow imp (D:9)
  3 white imps (Gauntlet)
  2 oozes
  4 worms
  6 dart slugs
  6 leopard geckos
  70 orcs
  3 giant cockroaches
  19 goblins
  17 hobgoblins
  23 jackals
  44 kobolds
  2 quokkas
  7 ball pythons
  A ball python skeleton (D:5)
  8 bats
  3 frilled lizards
  A leopard gecko skeleton (D:7)
  5 rats
834 creatures vanquished.

Vanquished Creatures (collateral kills)
  A hydra (Lair:1)
  A manticore (D:15)
  A spiny frog (Lair:1)
  A rime drake (Lair:1)
  A meliai (shapeshifter) (D:15)
  5 blink frogs (Lair:1)
  A porcupine (Lair:1)
11 creatures vanquished.

Vanquished Creatures (others)
  A naga warrior (Snake:1)
  3 humans (Lair:6)
  A scorpion (D:13)
  An orc (Orc:1)
  3 fungi
  15 plants (Lair:6)
24 creatures vanquished.

Grand Total: 869 creatures vanquished

Notes
Turn   | Place    | Note
-------+----------+-------------------------------------------
     0 | D:1      | Inarius the Felid Berserker began the quest for the Orb.
     0 | D:1      | Reached XP level 1. HP: 10/10 MP: 2/2
    22 | D:1      | Reached XP level 2. HP: 11/14 MP: 3/3
   250 | D:1      | Reached skill level 1 in Stealth
   855 | D:1      | Reached XP level 3. HP: 17/17 MP: 4/4
   939 | D:1      | Reached ** piety under Trog
  1550 | D:2      | Reached XP level 4. HP: 20/21 MP: 5/5
  2038 | D:2      | Reached skill level 4 in Unarmed Combat
  2057 | D:2      | Reached skill level 5 in Dodging
  2132 | D:2      | Reached XP level 5. HP: 24/24 MP: 6/6
  2906 | D:3      | Noticed Natasha
  3119 | D:3      | Killed Natasha
  3119 | D:3      | Reached skill level 5 in Stealth
  3245 | D:3      | Noticed Natasha
  3257 | D:3      | Killed Natasha
  3352 | D:3      | Killed from afar by an orc priest
  3353 | D:3      | Reached XP level 4. HP: -10/21 MP: 5/5
  3364 | D:3      | Reached XP level 5. HP: 24/24 MP: 6/6
  3371 | D:3      | Reached *** piety under Trog
  3666 | D:3      | You fall through a shaft for 2 floors!
  3666 | D:5      | Entered Level 5 of the Dungeon
  3690 | D:5      | Noticed an ogre
  3694 | D:5      | Killed an ogre
  3694 | D:5      | Gained mutation: You are covered in thick fur. (AC +2)
                  | [Felid growth]
  3694 | D:5      | Reached XP level 6. HP: 28/28 MP: 7/7
  3800 | D:3      | Noticed an orc warrior
  3810 | D:3      | Killed an orc warrior
  3810 | D:3      | Reached skill level 5 in Unarmed Combat
  3879 | D:3      | Noticed Natasha
  3887 | D:3      | Killed Natasha
  4066 | D:3      | Found an iron altar of Okawaru.
  4555 | D:4      | Reached XP level 7. HP: 10/31 MP: 8/8
  4562 | D:3      | Gained mutation: You evolve. [potion of mutation]
  4562 | D:3      | Gained mutation: Your flesh is cold resistant. (rC+)
                  | [potion of mutation]
  4842 | D:4      | Noticed Duvessa
  4842 | D:4      | Noticed Dowan
  4863 | D:4      | Killed Duvessa
  4869 | D:4      | Killed Dowan
  5071 | D:4      | Reached skill level 6 in Unarmed Combat
  5118 | D:4      | Noticed Robin
  5138 | D:3      | Reached **** piety under Trog
  5173 | D:3      | Gained mutation: You have a pair of small horns on your
                  | head. [evolution]
  5311 | D:4      | Killed Robin
  5436 | D:4      | Found a shimmering altar of Xom.
  5637 | D:4      | Reached XP level 8. HP: 28/36 MP: 9/9
  5777 | D:4      | Noticed Blork the orc
  5784 | D:4      | Killed Blork the orc
  6145 | D:5      | Reached skill level 7 in Unarmed Combat
  6381 | D:5      | Reached skill level 1 in Evocations
  6695 | D:6      | Noticed Edmund
  6703 | D:6      | Killed Edmund
  6850 | D:6      | Noticed Pikel
  6865 | D:6      | Noticed Eustachio
  7561 | D:6      | Killed Eustachio
  7561 | D:6      | Reached skill level 8 in Unarmed Combat
  7561 | D:6      | Reached XP level 9. HP: 40/40 MP: 12/12
  7799 | D:6      | Found a snail-covered altar of Cheibriados.
  7806 | D:6      | Reached skill level 5 in Fighting
  8089 | D:6      | Lost mutation: You have a pair of small horns on your head.
                  | [evolution]
  8158 | D:6      | Killed Pikel
  8312 | D:7      | Found a staircase to the Ecumenical Temple.
  8421 | D:7      | HP: 1/40 [poisoned by a water moccasin]
  8422 | D:7      | Succumbed to a water moccasin's poison
  8423 | D:7      | Reached XP level 8. HP: 0/37 MP: 20/20
  8463 | D:7      | Reached ***** piety under Trog
  8463 | D:7      | Reached skill level 9 in Unarmed Combat
  8478 | D:7      | Reached skill level 10 in Stealth
  8856 | D:7      | Gained mutation: You are partially covered in yellow
                  | scales. (AC +2) [evolution]
  8906 | D:7      | Reached XP level 9. HP: 39/41 MP: 13/13
  9535 | D:8      | Found a transporter.
  9537 | D:8      | Noticed soark's ghost (novice DECj)
  9541 | D:8      | Found a transporter.
  9572 | D:8      | Noticed Erica
  9583 | D:8      | Killed Erica
  9583 | D:8      | Reached skill level 10 in Unarmed Combat
  9583 | D:8      | Reached skill level 5 in Evocations
  9925 | D:8      | Found Bofaarru's Jewellery Shoppe.
 10069 | D:8      | Noticed Harold
 10078 | D:8      | Killed Harold
 10078 | D:8      | Reached XP level 10. HP: 42/46 MP: 15/15
 10631 | D:8      | Noticed a cyclops
 10637 | D:8      | Killed a cyclops
 10643 | D:8      | Noticed Gastronok
 10685 | D:8      | Killed Gastronok
 10685 | D:8      | Reached skill level 11 in Unarmed Combat
 10712 | D:9      | Reached XP level 11. HP: 50/50 MP: 14/16
 11180 | D:9      | Reached ****** piety under Trog
 11690 | D:9      | Found a bloodstained altar of Trog.
 11735 | D:9      | Upgraded the game from 0.23-a0-730-g0b75920 to
                  | 0.23-a0-756-g517b432
 11781 | D:10     | Entered Level 10 of the Dungeon
 12027 | D:10     | Gained mutation: You are mostly covered in yellow scales.
                  | (AC +3) [evolution]
 12359 | D:10     | Found a staircase to the Orcish Mines.
 12363 | D:10     | Noticed Psyche
 12370 | D:10     | Killed Psyche
 12422 | D:10     | Mangled by a cyclops
 12423 | D:10     | Reached XP level 10. HP: -6/48 MP: 0/25
 12437 | D:10     | Reached skill level 12 in Unarmed Combat
 12999 | D:10     | Found a staircase to the Lair.
 13438 | D:10     | Found Hier's Gadget Emporium.
 13444 | D:10     | Bought a wand of acid (4) for 192 gold pieces
 13444 | D:10     | Bought a wand of clouds (5) for 324 gold pieces
 14434 | D:11     | Noticed a brown ugly thing
 14446 | D:11     | Killed a brown ugly thing
 14446 | D:11     | Reached skill level 10 in Dodging
 14467 | D:11     | Found Fejuedar's Distillery.
 14478 | D:11     | Bought a potion of heal wounds for 85 gold pieces
 14532 | D:11     | Reached XP level 11. HP: 51/51 MP: 17/17
 14561 | D:11     | Noticed a brown ugly thing
 14570 | D:11     | Killed a brown ugly thing
 14788 | D:11     | Noticed a soul eater
 14942 | D:11     | Noticed a tengu warrior
 14945 | D:11     | Killed a tengu warrior
 15307 | D:11     | Noticed a two-headed ogre
 15314 | D:11     | Killed a two-headed ogre
 15541 | D:11     | Gained mutation: You have a somewhat thin skeletal
                  | structure. (Dex +2, Stealth) [evolution]
 15541 | D:11     | Lost mutation: You evolve. [end of evolution]
 15829 | D:10     | Reached skill level 13 in Unarmed Combat
 15848 | Lair:1   | Entered Level 1 of the Lair of Beasts
 16234 | Lair:1   | Noticed Joseph
 16244 | Lair:1   | Killed Joseph
 16686 | Lair:1   | Gained mutation: Your thick and shaggy fur keeps you warm.
                  | (AC +3, rC+) [Felid growth]
 16686 | Lair:1   | Reached XP level 12. HP: 48/57 MP: 18/18
 17605 | Lair:2   | Noticed an eight-headed hydra
 17951 | Lair:1   | Killed an eight-headed hydra
 18266 | Lair:2   | Reached skill level 14 in Unarmed Combat
 19354 | Lair:3   | Noticed a six-headed hydra
 19365 | Lair:3   | Killed a six-headed hydra
 19404 | Lair:3   | Found a gate leading to a gauntlet.
 19421 | Gauntlet | Entered a Gauntlet
 19421 | Gauntlet | Found a transporter.
 19429 | Gauntlet | Found a transporter.
 19431 | Gauntlet | Found a transporter.
 19433 | Gauntlet | Found a transporter.
 19460 | Gauntlet | Found a transporter.
 19468 | Gauntlet | Found a transporter.
 19501 | Gauntlet | Found a transporter.
 19503 | Gauntlet | Found a transporter.
 19547 | Gauntlet | Found a transporter.
 19669 | Gauntlet | Found a transporter.
 19684 | Gauntlet | Identified the ring "Vatzeleo" {rCorr rN+}
 19684 | Gauntlet | Noticed a minotaur
 19696 | Gauntlet | Killed a minotaur
 20011 | Lair:3   | Noticed a seven-headed hydra
 20017 | Lair:3   | Killed a seven-headed hydra
 20017 | Lair:3   | Reached skill level 15 in Stealth
 20048 | Lair:3   | Found a staircase to the Snake Pit.
 20273 | Lair:3   | Noticed a six-headed hydra
 20280 | Lair:3   | Killed a six-headed hydra
 20280 | Lair:3   | Reached XP level 13. HP: 61/61 MP: 19/19
 20706 | Lair:4   | Found a dark tunnel.
 20715 | Volcano  | Entered a volcano
 21230 | Volcano  | Found a bloodstained altar of Trog.
 21319 | Volcano  | Reached skill level 10 in Fighting
 21475 | Volcano  | Noticed a fire dragon
 21479 | Volcano  | Killed a fire dragon
 22032 | Lair:4   | Found a staircase to the Swamp.
 22222 | Lair:4   | Reached skill level 15 in Unarmed Combat
 23452 | Lair:6   | Entered Level 6 of the Lair of Beasts
 23811 | Lair:6   | Reached XP level 14. HP: 66/66 MP: 20/20
 24016 | Lair:6   | Noticed Kirke
 24039 | Lair:6   | Killed Kirke
 24326 | Lair:6   | Reached skill level 16 in Unarmed Combat
 24515 | Lair:6   | Found a runed door.
 24516 | Lair:6   | Identified the +6 trident of Nihuwk {pierce, Dex+2}
 24841 | Lair:6   | Found a viscous altar of Jiyva.
 24841 | Lair:6   | Found a staircase to the Slime Pits.
 25113 | Lair:6   | Reached XP level 15. HP: 65/70 MP: 21/21
 25637 | Lair:6   | Noticed dstrtnsr's ghost (journeyman DDFi)
 26056 | D:8      | Killed soark's ghost
 26686 | D:12     | Found Ibiet's Armour Emporium.
 26964 | Orc:1    | Entered Level 1 of the Orcish Mines
 27363 | Orc:1    | Found a roughly hewn altar of Beogh.
 27520 | Orc:2    | Entered Level 2 of the Orcish Mines
 27575 | Orc:2    | Found a staircase to the Elven Halls.
 27634 | Orc:2    | Found Ruiliopp's Weapon Emporium.
 27870 | Orc:2    | Noticed Josephine
 27872 | Orc:2    | Reached skill level 17 in Unarmed Combat
 27890 | Orc:2    | Killed Josephine
 28753 | Orc:2    | Found Bokk's Book Emporium.
 29515 | Orc:2    | Found Qavyn's Magic Scroll Emporium.
 29516 | Orc:2    | Found Roats's Gadget Shop.
 29518 | Orc:2    | Found Oguepohozu's Assorted Antiques.
 29570 | Orc:2    | Bought a fizzy sapphire potion for 25 gold pieces
 29572 | Orc:2    | Bought a scroll of identify for 28 gold pieces
 29572 | Orc:2    | Bought a scroll of teleportation for 42 gold pieces
 29572 | Orc:2    | Bought a scroll of fog for 28 gold pieces
 29572 | Orc:2    | Bought a scroll of acquirement for 728 gold pieces
 29572 | Orc:2    | Bought a scroll of identify for 28 gold pieces
 29613 | Orc:2    | Bought a wand of acid (10) for 224 gold pieces
 29613 | Orc:2    | Bought a sack of spiders for 560 gold pieces
 31378 | D:13     | Found a runed door.
 31378 | D:13     | Noticed domsik's ghost (journeyman MiFi)
 31403 | D:13     | Found Quughid's Armour Boutique.
 32188 | D:14     | Found Gale's Antique Weapon Shop.
 32510 | D:14     | Reached skill level 18 in Unarmed Combat
 32912 | D:14     | Found a gate to the Vaults.
 33381 | D:15     | Entered Level 15 of the Dungeon
 33478 | D:15     | Slain by a cyan ugly thing
 33479 | D:15     | Reached XP level 14. HP: -4/68 MP: 0/30
 33852 | D:15     | Reached XP level 15. HP: 72/72 MP: 22/22
 34052 | D:15     | Noticed a sphinx
 34079 | D:15     | Killed a sphinx
 34080 | D:15     | HP: 3/72 [manticore/volley of spikes (10)]
 35066 | D:15     | Found a staircase to the Depths.
 35695 | D:15     | Reached skill level 19 in Unarmed Combat
 36268 | Snake:1  | Entered Level 1 of the Snake Pit
 36268 | Snake:1  | Found Tanuat's Food Boutique.
 36291 | Snake:1  | Found Novuh's Gadget Emporium.
 36311 | Snake:1  | Found a flickering gateway to a bazaar.
 36320 | Bazaar   | Entered a bazaar
 36347 | Bazaar   | Found Duxzy's Book Emporium.
 36389 | Bazaar   | Found Veuxtuf's Book Boutique.
 36439 | Bazaar   | Found Qenniho's Gadget Emporium.
 36447 | Bazaar   | Bought a wand of iceblast (4) for 72 gold pieces
 36447 | Bazaar   | Bought a wand of acid (9) for 234 gold pieces
 36447 | Bazaar   | Bought a wand of acid (8) for 216 gold pieces
 36496 | Bazaar   | Found Evi Afrum's Jewellery Emporium.
 37689 | Snake:1  | HP: 5/108 [naga warrior/+0 flail (13)]
 37692 | Snake:1  | Demolished by a naga warrior

Vault maps used:
D:1:      dpeg_arrival_arbitrary_b
D:2:      minmay_snake_closets
D:3:      okawaru_altar_gauntlet_db, uniq_natasha
D:4:      kennysheep_mini, uniq_duvessa, uniq_robin, uniq_blork_the_orc
D:5:      first_ration
D:6:      lemuel_ice_spiral_2, cheibriados_altar_1, uniq_pikel, uniq_edmund,
          uniq_eustachio
D:7:      minmay_temple_entry_antechambers
D:8:      cheibrodos_elevator_heist, gammafunk_ghost_smash, serial_shops,
          nicolae_shop_trees, grunt_livestock, chequers_arboretum, uniq_harold,
          uniq_erica, uniq_gastronok
D:9:      lightli_temple_of_fire
D:10:     statuecave_lemuel, erik_lair_island, erik_orc_3, serial_shops,
          nicolae_shop_temple_entry_statues_fountains, uniq_psyche
D:11:     serial_shops, shop
D:12:     serial_shops, nicolae_shop_window_shopping
D:13:     serial_shops, shop, ebering_ghost_inner_flame, hangedman_decor_points,
          minmay_starry_boxes
D:14:     skrybe_vaults_entry_preservation, serial_shops, shop_fountains
D:15:     gammafunk_enter_depths_forms, chequers_serial_rivers_micro_e,
          minmay_checkered_concentric_circles
Lair:1:   st_stairs_7, grunt_megastairs_3, uniq_joseph
Lair:2:   grunt_megastairs_4
Lair:3:   guppyfry_snake_entry_island, gauntlet_entry_generic, minmay_holes
Lair:4:   palyth_hydra_swamp_entry, nicolae_volcano_entry_s_turn
Lair:6:   evilmike_catoblepas_cave, slime_altar_1, ebering_ghost_funeral_grove,
          uniq_kirke
Snake:1:  serial_shops, bzr_firewalk, nicolae_shop_stone, shop, shop,
          grunt_megastairs_2
Orc:1:    basic_altar
Orc:2:    st_orc_elflike, serial_shops, nicolae_shop_crystal, uniq_josephine
Bazaar:   bazaar_minmay_generic_d
Volcano:  volcano_lake
Gauntlet: gammafunk_gauntlet_one_two_three

Skill      XL: |  1  2  3  4  5  6  7  8  9 10 11 12 13 14 15 |
---------------+----------------------------------------------+-----
Stealth        | 1 2 3 6 7 8 10 11 13 15 16 17 | 17.2
Unarmed Combat | 4 5 6 9 10 12 13 14 15 16 19 | 19.5
Dodging        | 5 6 7 8 10 11 12 13 | 13.5
Fighting       | 4 6 8 9 10 11 12 | 12.1
Evocations     | 4 5 6 7 9 |  9.6

Action                   |  1- 3 |  4- 6 |  7- 9 | 10-12 | 13-15 || total
-------------------------+-------+-------+-------+-------+-------++-------
Melee: Unarmed           |    84 |   182 |   383 |   728 |  1163 ||  2540
       Bite              |     4 |    17 |    55 |    82 |   168 ||   326
       Punch             |       |     1 |    11 |    39 |   130 ||   181
       Headbutt          |       |       |    30 |       |       ||    30
Invok: Berserk           |     1 |     8 |     6 |     9 |     8 ||    32
       Trog's Hand       |       |       |     3 |     7 |    10 ||    20
       Brothers in Arms  |       |       |       |     4 |     1 ||     5
Evoke: Wand              |       |       |       |    21 |    28 ||    49
       Lightning rod     |       |       |       |     3 |       ||     3
  Use: Potion            |       |       |     7 |     4 |     4 ||    15
       Scroll            |       |       |     4 |    18 |    11 ||    33
 Stab: Sleeping          |     5 |    22 |    18 |    43 |    56 ||   144
       Distracted        |       |     1 |     4 |     7 |     3 ||    15
       Invisible         |       |       |       |     6 |       ||     6
       Paralysed         |       |       |       |     1 |     1 ||     2
  Eat: Chunk             |     9 |    17 |    22 |    38 |    45 ||   131
Armor: Skin              |     3 |     6 |    11 |    43 |    72 ||   135
Dodge: Dodged            |    70 |   133 |   317 |   662 |  1146 ||  2328

Table legend:
 A = Non-vault XP
 B = Vault XP
 C = Vault XP percentage of total XP
 D = Non-vault monster count
 E = Vault monster count
 F = Vault count percentage of total count
                 A         B        C        D         E       F
            +---------+---------+-------+---------+---------+-------
      Total |  103856 |   65716 |  38.8 |     624 |     221 |  26.2
            +---------+---------+-------+---------+---------+-------
        D:1 |      59 |       0 |   0.0 |      22 |       0 |   0.0
        D:2 |     109 |     114 |  51.1 |      28 |      12 |  30.0
        D:3 |     447 |      79 |  15.0 |      38 |      11 |  22.4
        D:4 |     465 |     352 |  43.1 |      18 |      10 |  35.7
        D:5 |     550 |       0 |   0.0 |      14 |       0 |   0.0
        D:6 |     610 |     980 |  61.6 |      19 |       3 |  13.6
        D:7 |    1767 |       0 |   0.0 |      41 |       0 |   0.0
        D:8 |    1544 |    7082 |  82.1 |      32 |      18 |  36.0
        D:9 |    3016 |     116 |   3.7 |      35 |       1 |   2.8
       D:10 |    4405 |    1505 |  25.5 |      38 |      26 |  40.6
       D:11 |    6196 |       0 |   0.0 |      47 |       0 |   0.0
       D:12 |    2739 |       0 |   0.0 |      20 |       0 |   0.0
       D:13 |    7913 |     648 |   7.6 |      33 |       5 |  13.2
       D:14 |    7961 |    4784 |  37.5 |      27 |      10 |  27.0
       D:15 |   14478 |   11962 |  45.2 |      29 |      19 |  39.6
     Lair:1 |    7975 |     939 |  10.5 |      38 |       4 |   9.5
     Lair:2 |    3695 |       0 |   0.0 |      15 |       0 |   0.0
     Lair:3 |    4657 |     319 |   6.4 |      11 |       2 |  15.4
     Lair:4 |    5050 |    2848 |  36.1 |      25 |       8 |  24.2
     Lair:5 |    3077 |       0 |   0.0 |       9 |       0 |   0.0
     Lair:6 |    6347 |   13375 |  67.8 |      19 |      29 |  60.4
    Snake:1 |   15145 |    1492 |   9.0 |      30 |       4 |  11.8
      Orc:1 |    2961 |     846 |  22.2 |      13 |       3 |  18.8
      Orc:2 |    2690 |    9450 |  77.8 |      23 |      27 |  54.0
    Volcano |       0 |    4162 | 100.0 |       0 |      15 | 100.0
   Gauntlet |       0 |    4663 | 100.0 |       0 |      14 | 100.0
            +---------+---------+-------+---------+---------+-------
